 Dungeon Crawl Stone Soup version 0.23.2 (webtiles) character file.

Game seed: 4768640332329003771

5 Kairos the Skirmisher (level 1, 0/18 HPs)
             Began as a Formicid Abyssal Knight on Apr 12, 2019.
             Was an Initiate of Lugonu.
             Slain by a giant cockroach (1 damage)
             ... on level 1 of the Dungeon.
             The game lasted 00:01:01 (564 turns).

Kairos the Skirmisher (Formicid Abyssal Knight)      Turns: 564, Time: 00:01:01

Health: 0/18       AC:  3    Str: 16    XL:     1   Next: 88%
Magic:  2/2        EV: 11    Int: 11    God:    Lugonu [......]
Gold:   17         SH:  0    Dex: 10    Spells: 0/0 levels left

rFire    . . .     SeeInvis +   g - +1 mace (holy)
rCold    . . .     Gourm    .   (no shield)
rNeg     . . .     Faith    .   b - +0 leather armour
rPois    .         Spirit   .   (helmet unavailable)
rElec    .         Reflect  .   (no cloak)
rCorr    .         Harm     .   (no gloves)
MR       .....                  (no boots)
Stlth    +.........             (no amulet)
HPRegen  0.00/turn              (no ring)
MPRegen  0.08/turn              (no ring)

@: no status effects
A: permanent stasis, dig shafts and tunnels, four strong arms, antennae 3,
[inhibited regeneration], [subdued magic 2]
a: Dig, Shaft Self, Renounce Religion


You were on level 1 of the Dungeon.
You worshipped Lugonu.
Lugonu was noncommittal.
You were not hungry.

You visited 1 branch of the dungeon, and saw 1 of its levels.
You visited the Abyss 1 time.

You collected 17 gold pieces.

Inventory:

Hand Weapons
 a - a +1 short sword
 g - a +1 mace of holy wrath (weapon)
Missiles
 f - 18 bolts
Armour
 b - a +0 leather armour (worn)
 d - a cursed +0 scale mail
Potions
 e - a potion of agility {unknown}
Comestibles
 c - 2 rations


   Skills:
 + Level 3.4 Fighting
 + Level 2.0 Short Blades
 + Level 2.2 Armour
 + Level 0.8 Dodging
 + Level 2.5 Invocations


You couldn't memorise any spells.
You didn't know any spells.
Your spell library contained the following spells:

 Spells                   Type           Power        Failure   Level  Hunger
 Flame Tongue             Conj/Fire      #....        32%         1    ##.....
 Cause Fear               Hex            #.........   98%         4    #####..
 Bolt of Fire             Conj/Fire      #.........   100%        6    #######
 Dragon Form              Tmut           #.........   100%        7    #######
 Dragon's Call            Summ           #.........   100%        9    #######


Dungeon Overview and Level Annotations

Branches:
Dungeon (1/15)

Altars:


Innate Abilities, Weirdness & Mutations

You cannot be hasted, slowed, berserked, paralysed or teleported.
You can dig through walls and to a lower floor.
Your four strong arms can wield two-handed weapons with a shield.
You have a pair of large antennae on your head. (SInv)
[You do not regenerate when monsters are visible.]
[Your spells are easier to cast, but less powerful.]


Message History

You hit the bat.
The bat is moderately wounded.
The bat misses you. The bat hits you but does no damage.
The giant cockroach closely misses you. The bat hits you but does no damage.
The hobgoblin hits you with a +0 club.
* * * LOW HITPOINT WARNING * * *
The giant cockroach bites you but does no damage.
The bat hits you but does no damage.
You barely miss the bat.
The bat is moderately wounded.
The bat hits you but does no damage. x2
The giant cockroach bites you but does no damage.
The hobgoblin hits you with a +0 club.
* * * LOW HITPOINT WARNING * * *
The giant cockroach completely misses you.
The bat closely misses you.
The bat barely misses you. x2; The giant cockroach closely misses you.
The bat barely misses you. The bat hits you but does no damage.
The giant cockroach bites you.
You die...

###############
..........#...####
..................
.......b>.........
.......@g.........#
........sb........#
..................
..................
###..#####.#####.#
#.. #.# #.#####.. #.
#.# ##†#......
#..#####.####..).###
.......$......#.....#


You could see a giant cockroach, a hobgoblin and 2 bats.

Vanquished Creatures
  A dart slug (D:1)
  A goblin (D:1)
  2 rats (D:1)
4 creatures vanquished.

Notes
Turn   | Place    | Note
-------+----------+-------------------------------------------
     0 | Abyss:1  | Kairos the Formicid Abyssal Knight began the quest for the
                  | Orb.
     0 | Abyss:1  | Reached XP level 1. HP: 18/18 MP: 2/2
   118 | Abyss:2  | Noticed a small abomination
   146 | Abyss:2  | Noticed a wretched star
   149 | Abyss:2  | Noticed a small abomination
   159 | D:1      | Escaped the Abyss
   564 | D:1      | Slain by a giant cockroach

Action                   || total
-------------------------++-------
Melee: Mace              ||    14
Invok: Depart the Abyss  ||     1
 Abil: Dig               ||     4
Armor: Leather armour    ||    17
Dodge: Dodged            ||    37
